 Dungeon Crawl Stone Soup version 0.22-a0-362-g535178c (webtiles) character file.

683 Amnesiac the Vexing (level 7, -7/52 HPs)
             Began as a Mummy Chaos Knight on Apr 19, 2018.
             Splashed by a crimson imp's acid (11 damage)
             ... on level 5 of the Dungeon.
             The game lasted 00:07:19 (5209 turns).

Amnesiac the Vexing (Mummy Chaos Knight)            Turns: 5209, Time: 00:07:20

Health: -7/52      AC:  1    Str: 17    XL:     7   Next: 35%
Magic:  0/13       EV: 11    Int: 12    God:    Xom [......]
Gold:   255        SH:  0    Dex: 11    Spells: 10/14 levels left

rFire    x . .     SeeInvis .   r - +0 short sword (chaos)
rCold    + . .     Gourm    .   (no shield)
rNeg     + + +     Faith    .   e - +2 robe {MR+}
rPois    ∞         Spirit   .   (no helmet)
rElec    .         Reflect  .   (no cloak)
rCorr    .         Harm     .   f - +0 pair of gloves
MR       +....                  (no boots)
Stlth    ++........             (no amulet)
HPRegen  0.17/turn              (no ring)
MPRegen  0.13/turn              (no ring)

@: corroded
A: no food or potions, fire vulnerability, cold resistance 1, negative energy
resistance 3, torment resistance, unbreathing
a: Renounce Religion


You were on level 5 of the Dungeon.
You worshipped Xom.
You were a very special plaything of Xom.
You were not hungry.

You visited 1 branch of the dungeon, and saw 5 of its levels.

You collected 255 gold pieces.

Inventory:

Hand Weapons
 a - a +0 dagger of speed
 c - a +0 hunting sling
 r - a +0 short sword of chaos (weapon)
Missiles
 d - 153 stones
 j - a throwing net (quivered)
 l - 35 sling bullets
Armour
 b - a +2 leather armour
 e - a +2 robe of magic resistance (worn)
 f - a +0 pair of gloves (worn)
 n - a +0 buckler
Scrolls
 g - 5 scrolls of identify {!r}
 h - 2 scrolls of remove curse {!r, unknown}
 i - a scroll of enchant armour {!r, unknown}
 k - a scroll of teleportation {!r, unknown}
 m - a scroll of noise {!r, unknown}
 o - a scroll of magic mapping {!r, unknown}
 p - a scroll of enchant weapon {!r, unknown}
 q - a scroll of fog {!r, unknown}
 t - a scroll of fear {!r}


   Skills:
 - Level 3.0 Fighting
 - Level 3.0 Short Blades
 - Level 2.6 Slings
 - Level 1.5 Armour
 - Level 0.7 Dodging
 + Level 1.2 Stealth
 - Level 4.0 Spellcasting
 - Level 5.0 Hexes


You had 10 spell levels left.
You knew the following spells:

 Your Spells              Type           Power        Failure   Level  Hunger
e - Confuse               Hex            ##......     9%          3    N/A
z - Confusing Touch       Hex            ##....       2%          1    N/A

Dungeon Overview and Level Annotations

Branches:
Dungeon (5/15)
 Temple: D:4-7

Altars:
Makhleb
Okawaru
Xom


Innate Abilities, Weirdness & Mutations

You do not eat or drink.
Your flesh is vulnerable to fire.
You are immune to poison.
Your flesh is cold resistant. (rC+)
You are immune to negative energy. (rN+++)
You are immune to unholy pain and torment.
You can survive without breathing.


Message History

The scorpion is severely wounded.
The scorpion seems less confused.
The scorpion stings you!
* * * LOW HITPOINT WARNING * * *
You hit the scorpion but do no damage.
The scorpion is severely wounded.
You hit the scorpion but do no damage.
The scorpion is severely wounded.
The scorpion stings you!
* * * LOW HITPOINT WARNING * * *
You closely miss the scorpion.
The scorpion is severely wounded.
The crimson imp shouts!
You hit the scorpion but do no damage.
The scorpion is severely wounded.
The scorpion closely misses you.
Casting: Confuse (safe; 9% risk of failure)
Confirm with . or Enter, or press ? or * to list all spells.
Aiming: Confuse (safe; 9% risk of failure)
Press: ? - help, Shift-Dir - straight line, f/p - scorpion
Aim: a scorpion (severely wounded, chance to defeat MR: 45%)
The scorpion appears confused.
The scorpion stings you.
* * * LOW HITPOINT WARNING * * *
Unknown command.
You strike the helpless scorpion from behind!
You puncture the scorpion!
You kill the scorpion!
Your Stealth skill increases to level 1!
Casting: Confuse (safe; 9% risk of failure)
Confirm with . or Enter, or press ? or * to list all spells.
Aiming: Confuse (safe; 9% risk of failure)
Press: ? - help, Shift-Dir - straight line, f - crimson imp
Aim: a crimson imp (chance to defeat MR: 28%)
The crimson imp easily resists.
Casting: Confuse (safe; 9% risk of failure)
Confirm with . or Enter, or press ? or * to list all spells.
Aiming: Confuse (safe; 9% risk of failure)
Press: ? - help, Shift-Dir - straight line, f/p - crimson imp
Aim: a crimson imp (chance to defeat MR: 28%)
The crimson imp easily resists.
Unknown command.
Casting: Confuse (safe; 9% risk of failure)
Confirm with . or Enter, or press ? or * to list all spells.
Aiming: Confuse (safe; 9% risk of failure)
Press: ? - help, Shift-Dir - straight line, f/p - crimson imp
Aim: a crimson imp (chance to defeat MR: 28%)
The crimson imp easily resists.
The crimson imp hits you.
* * * LOW HITPOINT WARNING * * *
Unknown command.
You closely miss the crimson imp.
The crimson imp zaps a wand.
The bolt of acid misses you.
It is a wand of acid (5).
Press: ? - help, . - travel, g - get item You can't see that place. [Stash: 19 arrows] [the floor.] Wield which item (- for none, * to show all)? (? for menu, Esc to quit)
Your +0 short sword of chaos is briefly surrounded by a scintillating aura of random colours.
r - a +0 short sword of chaos (weapon)
You miss the crimson imp. The crimson imp closely misses you.
You closely miss the crimson imp.
The crimson imp zaps a wand.
The bolt of acid hits you!
* * * LOW HITPOINT WARNING * * *
The acid corrodes you!
You are splashed with acid!
The acid burns!
You die...
Xom snickers!

##.....## #.......# ####
#......<# ##...## #......)#
##.....## ##...^g##### #.......#
##........gg ##### #.......#
#.....g.####
#...###.......########.<.....####
#.#...##........@5...............
#.###.#.........#######...!.#####
#.# #.........#.....# ##...## #.#
###.......#####.######## #.##
##................### ####> #..#
##...########......###.... ##.#
##### #####..........### #.#
######..........(....)# #.##
#......###...(.........


You could see a crimson imp.

Vanquished Creatures
  The ghost of Tungsten the Chiller, an amateur HuIE of Ru (D:3)
  An ice beast (D:4)
  A scorpion (D:5)
  A howler monkey (D:4)
  A hound (D:5)
  3 orc priests (D:4)
  A centaur skeleton (D:5)
  A bullfrog skeleton (D:4)
  An orc wizard (D:4)
  A worker ant (D:4)
  3 gnolls (D:5)
  3 adders
  2 worms (D:3)
  2 dart slugs
  4 leopard geckos
  24 orcs
  4 giant cockroaches
  7 goblins
  5 hobgoblins
  8 jackals
  A quokka (D:2)
  2 ball pythons
  9 bats
  3 frilled lizards
  4 kobolds
  A leopard gecko skeleton (D:4)
  5 rats
99 creatures vanquished.

Vanquished Creatures (collateral kills)
  A worm (D:3)
1 creature vanquished.

Vanquished Creatures (others)
  A leopard gecko skeleton (D:4)
1 creature vanquished.

Grand Total: 101 creatures vanquished

Notes
Turn   | Place    | Note
-------+----------+-------------------------------------------
     0 | D:1      | Amnesiac the Mummy Chaos Knight began the quest for the Orb.
     0 | D:1      | Reached XP level 1. HP: 18/18 MP: 1/1
    88 | D:1      | XOM: divination: detect items
   138 | D:1      | Reached skill level 1 in Slings
   181 | D:1      | Reached XP level 2. HP: 24/24 MP: 2/2
   330 | D:1      | XOM: medium Fire miscast
   393 | D:1      | XOM: medium Air miscast
   486 | D:1      | XOM: summons 1 hostile shadow creature
   489 | D:1      | XOM: harmless Hex miscast
   804 | D:2      | XOM: enchant monster (bad)
   811 | D:2      | Reached XP level 3. HP: 20/29 MP: 3/3
  1078 | D:2      | Found an iron altar of Okawaru.
  1539 | D:3      | Learned a level 1 spell: Confusing Touch
  1761 | D:3      | Reached XP level 4. HP: 17/35 MP: 4/4
  1786 | D:3      | XOM: scenery: create altars
  2045 | D:3      | XOM: enchant monster (bad)
  2182 | D:3      | XOM: polymorph kobold -> rat
  2187 | D:3      | Noticed Tungsten's ghost (amateur HuIE)
  2197 | D:3      | XOM: summons 2 friendly demons
  2214 | D:3      | Killed Tungsten's ghost
  2214 | D:3      | Reached skill level 2 in Hexes
  2214 | D:3      | Reached XP level 5. HP: 11/41 MP: 4/8
  2507 | D:3      | XOM: scenery: create altars
  2657 | D:4      | XOM: cloud trail
  2680 | D:4      | XOM: divination: detect items
  2753 | D:4      | XOM: 2-stop teleportation journey
  2764 | D:4      | XOM: divine lightning
  3025 | D:3      | XOM: scenery: create altars
  3037 | D:3      | Learned a level 3 spell: Confuse
  3120 | D:5      | Entered Level 5 of the Dungeon
  3164 | D:5      | XOM: god gift: puce potion {god gift}
  3285 | D:4      | Reached skill level 3 in Hexes
  3285 | D:4      | Reached XP level 6. HP: 30/47 MP: 8/10
  3329 | D:4      | XOM: scenery: create altars
  3560 | D:4      | XOM: divination: detect creatures
  3656 | D:4      | XOM: butterfly on damage
  3764 | D:4      | XOM: god gift: ration
  3807 | D:4      | Reached skill level 4 in Hexes
  4186 | D:4      | XOM: medium Conj miscast
  4470 | D:5      | Noticed an ice beast
  4513 | D:4      | XOM: swap monsters
  4519 | D:4      | XOM: summons friendly crimson imp
  4536 | D:4      | Killed an ice beast
  4536 | D:4      | Reached XP level 7. HP: 44/52 MP: 5/13
  4579 | D:5      | Found a burning altar of Makhleb.
  4582 | D:5      | XOM: medium Erth miscast
  4588 | D:5      | XOM: harmless Tloc miscast
  4601 | D:5      | XOM: chaos upgrade
  4965 | D:5      | XOM: blink monster(s)
  5153 | D:5      | XOM: enchant monster (bad)
  5165 | D:5      | XOM: harmless Chrm miscast
  5166 | D:5      | Reached skill level 5 in Hexes
  5201 | D:5      | Reached skill level 1 in Stealth
  5209 | D:5      | Splashed by a crimson imp's acid

Vault maps used:
D:1:      dpeg_arrival_ternary, serial_forest, infiniplex_forest_zigzag_2,
          infiniplex_forest_clump_C, infiniplex_forest_zigzag_1,
          infiniplex_forest_end_1, infiniplex_forest_lined_room_,
          minmay_misc_feat_room
D:2:      overflow_temple_1_default
D:5:      grunt_temple_overflow_lords_of_destruction, first_ration

Skill      XL: |  1  2  3  4  5  6  7 |
---------------+----------------------+-----
Slings         | 1 2 |  2.6
Short Blades   | 3 |  3.0
Spellcasting   | 2 4 |  4.0
Hexes          | 2 3 4 5 |  5.0
Stealth        | 1 |  1.2
Fighting       | |  3.0
Armour         | |  1.5
Dodging        | |  0.7

Action                   |  1- 3 |  4- 6 |  7- 9 || total
-------------------------+-------+-------+-------++-------
Melee: Short sword       |   158 |   190 |    10 ||   358
       Dagger            |       |    81 |    65 ||   146
       Unarmed           |       |       |     2 ||     2
 Cast: Confusing Touch   |       |     1 |     1 ||     2
       Confuse           |       |     5 |    14 ||    19
  Use: Scroll            |       |       |     2 ||     2
 Stab: Confused          |       |     4 |     3 ||     7
       Paralysed         |       |     2 |       ||     2
       Petrifying        |       |     1 |       ||     1
       Petrified         |       |     1 |       ||     1
Armor: Leather armour    |    53 |    57 |     4 ||   114
       Robe              |       |       |     5 ||     5
Dodge: Dodged            |    98 |   113 |    19 ||   230

Table legend:
 A = Spawn XP
 B = Non-spawn XP
 C = Spawn XP percentage of total XP
 D = Spawn monster count
 E = Non-spawn monster count
 F = Spawn count percentage of total count
 G = Total turns spent on level
                    A         B        C        D         E        F      G
               +---------+---------+-------+---------+---------+-------+---------
         Total |       0 |     976 |   0.0 |       0 |     101 |   0.0 |  5209
               +---------+---------+-------+---------+---------+-------+---------
           D:1 |       0 |      34 |   0.0 |       0 |      20 |   0.0 |   674
           D:2 |       0 |      27 |   0.0 |       0 |      15 |   0.0 |   756
           D:3 |       0 |     234 |   0.0 |       0 |      25 |   0.0 |  1384
           D:4 |       0 |     455 |   0.0 |       0 |      25 |   0.0 |  1665
           D:5 |       0 |     226 |   0.0 |       0 |      16 |   0.0 |   730
               +---------+---------+-------+---------+---------+-------+---------
